 Dungeon Crawl Stone Soup version 0.17.1-3-g152610e (webtiles) character file.

55 inmateoo the Covered (level 3, 0/32 HPs)
             Began as a Deep Dwarf Arcane Marksman on Mar 25, 2016.
             Slain by a worm (8 damage)
             ... on level 2 of the Dungeon.
             The game lasted 00:02:28 (1010 turns).

inmateoo the Covered (Deep Dwarf Arcane Marksman)   Turns: 1010, Time: 00:02:28

Health: 0/32       AC:  5    Str: 15    XL:     3   Next: 67%
Magic:  3/3        EV: 11    Int: 13    God:
Gold:   81         SH:  5    Dex: 12    Spells: 1 memorised, 3 levels left

rFire  . . .     SeeInvis .     g - +0 dagger
rCold  + . .     Clarity  .     a - +0 robe
rNeg   . . .     SustAt   .     m - +2 buckler
rPois  .         Gourm    .     k - +0 helmet
rElec  .         Spirit   .     (no cloak)
rCorr  .         Warding  .     (no gloves)
rMut   .         Stasis   .     (no boots)
MR     .....                    (no amulet)
Stlth  +.........               (no ring)
                                n - ring of protection from cold

@: non-regenerating, not resistant to hostile enchantments, very unstealthy
A: damage resistance, recharge devices, slimy green scales 1, sense surroundings
1, slow regeneration 3, wild magic 1, evolution 1
a: Device Recharging


You were on level 2 of the Dungeon.
You were very hungry.

You visited 1 branch of the dungeon, and saw 2 of its levels.

You collected 81 gold pieces.

Inventory:

Hand Weapons
 g - a +0 dagger (weapon)
Missiles
 c - 5 javelins (quivered)
 d - a throwing net
 o - 4 javelins of returning
Armour
 a - a +0 robe (worn)
 k - a +0 helmet (worn)
 m - a +2 buckler (worn)
Jewellery
 n - a ring of protection from cold (left hand)
Wands
 e - a wand of heal wounds (3)
Scrolls
 l - 2 scrolls of identify
Books
 b - a book of Debilitation

   Spells                             Type                      Level
   a - Corona                         Hexes                        1
   b - Slow                           Hexes                        2
   c - Gell's Gravitas                Hexes/Translocation          3
   d - Inner Flame                    Hexes/Fire                   3
   e - Cause Fear                     Hexes                        4
   f - Leda's Liquefaction            Hexes/Earth                  4
Comestibles
 f - a bread ration
 h - a slice of pizza


   Skills:
 + Level 2.2 Fighting
 - Level 1.7 Throwing
 + Level 2.5 Armour
 - Level 2.1 Dodging
 - Level 1.0 Spellcasting
 - Level 2.4 Hexes


You had 3 spell levels left.
You knew the following spells:

 Your Spells              Type           Power        Failure   Level  Hunger
a - Corona                Hex            ##.....      34%         1    ##.....


Dungeon Overview and Level Annotations

Branches:
Dungeon (2/15)

Altars:
Okawaru


Innate Abilities, Weirdness & Mutations

You are resistant to damage.
You can recharge devices by infusing magical energy.
You passively map a small area around you.
You do not regenerate naturally.
You are partially covered in slimy green scales (AC +2).
Your spells are a little harder to cast, but a little more powerful.
You evolve.


Message History

You are too injured to fight recklessly!
You are too injured to fight recklessly!
You are too injured to fight recklessly!
You are too injured to fight recklessly!
You are too injured to fight recklessly!
You are too injured to fight recklessly!
You are too injured to fight recklessly!
You are too injured to fight recklessly!
You are too injured to fight recklessly!
You are too injured to fight recklessly!
You are too injured to fight recklessly!
You barely miss the worm.
The worm is severely wounded.
You hit the worm.
The worm is severely wounded.
You block the worm's attack.
You hit the worm but do no damage.
The worm is severely wounded.
The worm bites you!
You die...

* ####.#........
, #......#####..
** #.###### #.#
#.# #.# #.# #.#
###.### #..
#.....# ###
########.#.#.#
#### **
#.....@w.._..#
#... ,
#.######.#.#.#
#.## #, #.....#
####.######.....#
* , * *
.........##(.####
, , #.....((.##
,, ** #####K####
* #.......# ,, ,
* * #.##.##.# *,
, ,


You could see a worm.

Vanquished Creatures
  2 adders (D:2)
  A giant gecko (D:1)
  2 giant cockroaches (D:1)
  6 hobgoblins (D:1)
  6 kobolds
  5 bats (D:1)
  A giant newt (D:1)
  4 goblins
  4 jackals (D:1)
  3 rats (D:1)
34 creatures vanquished.

Notes
Turn   | Place    | Note
--------------------------------------------------------------
     0 | D:1      | inmateoo the Deep Dwarf Arcane Marksman began the quest for the Orb.
     0 | D:1      | Reached XP level 1. HP: 16/16 MP: 2/2
    11 | D:1      | Reached skill level 1 in Fighting
    72 | D:1      | Reached skill level 1 in Armour
   129 | D:1      | Reached XP level 2. HP: 11/25 MP: 3/3
   569 | D:1      | Reached XP level 3. HP: 22/32 MP: 4/4
   747 | D:1      | Gained mutation: You are partially covered in slimy green scales (AC +2). [potion of mutation]
   747 | D:1      | Gained mutation: Your spells are a little harder to cast, but a little more powerful. [potion of mutation]
   747 | D:1      | Gained mutation: You evolve. [potion of mutation]
   947 | D:2      | Found an iron altar of Okawaru.
  1010 | D:2      | Slain by a worm

Action                   || total
-------------------------++-------
Melee: Unarmed           ||   331
       Dagger            ||    72
Throw: Javelin           ||    14
       Throwing net      ||     4
 Abil: Device Recharging ||     1
Evoke: Wand              ||     5
  Use: Scroll            ||     4
       Potion            ||     1
